 Dungeon Crawl Stone Soup version 0.27-a0-890-ged2907cb04 (webtiles) character file.

Game seed: 4109836352548466143

7 Kakkamies the Magician (level 2, 0/21 HPs)
             Began as a Djinni Necromancer on Apr 5, 2021.
             Slain by a ball python (2 damage)
             ... on level 1 of the Dungeon.
             The game lasted 00:01:53 (476 turns).

Kakkamies the Magician (Djinni Necromancer)          Turns: 476, Time: 00:01:54

Health: 0/21       AC:  2    Str:  7    XL:     2   Next: 4%
Gold:   14         EV: 12    Int: 16    God:
                   SH:  0    Dex: 13

rFire    + + .     SeeInvis .   (no weapon)
rCold    x . .     Faith    .   (no shield)
rNeg     . . .     Spirit   .   a - +0 robe
rPois    ∞         Reflect  .   (no helmet)
rElec    .         Harm     .   (no cloak)
rCorr    .         Rampage  .   (no gloves)
Will     .....                  (boots unavailable)
Stlth    ++........             (no amulet)
HPRegen  0.07/turn              (no ring)
MPRegen  0.00/turn              (no ring)

@: flying
A: fire resistance 2, cold vulnerability 1, float, innate caster, hp casting,
extra vitality 1
a: no special abilities


You were on level 1 of the Dungeon.
You visited 1 branch of the dungeon, and saw 1 of its levels.

You collected 14 gold pieces.

Inventory:

Armour
 a - a +0 robe (worn)


   Skills:
 + Level 2.2 Dodging
 + Level 1.5 Stealth
 + Level 3.9 Spellcasting


You couldn't memorise any spells.
You knew the following spells:

 Your Spells              Type           Power      Damage    Failure   Level
a - Pain                  Necr           60%        1d7       3%          1
b - Animate Skeleton      Necr           30%        N/A       3%          1
c - Vampiric Draining     Necr           7%         2d7       10%         3
d - Animate Dead          Necr           7%         N/A       32%         4
e - Agony                 Necr           15%        N/A       67%         5
Your spell library was empty.

Dungeon Overview and Level Annotations

Branches:
Dungeon (1/15)

Altars:


Innate Abilities, Weirdness & Mutations

You are immune to poison.
Your flesh is very heat resistant. (rF++)
You are vulnerable to cold. (rC-)
You float through the air rather than walking.
You learn spells naturally, not from books.
Your magical power is your life essence.
You have superior vitality. (+4 HP)


Message History

Aim: a dart slug (chance to affect: 85%)
The dart slug writhes in agony.
The ball python hisses angrily.
* * * LOW HITPOINT WARNING * * *
An endoplasm comes into view.
A rat comes into view.
A giant cockroach comes into view.
You see here a ball python corpse.
You see here a +0 scale mail.
The quokka twitches its whiskers.
You see here a hobgoblin skeleton.
Casting: Pain (safe; 3% risk of failure)
Confirm with . or Enter, or press ? or * to list all spells.
Aiming: Pain (safe; 3% risk of failure)
Press: ? - help, Shift-Dir - straight line, f - rat
Aim: a rat (chance to affect: 85%)
The rat writhes in agony.
You kill the rat!
* * * LOW HITPOINT WARNING * * *
Casting: Pain (safe; 3% risk of failure)
Confirm with . or Enter, or press ? or * to list all spells.
You attempt to give life to the dead...
Before your eyes, flesh is ripped from the corpse!
The dead are walking!
* * * LOW HITPOINT WARNING * * *
The quokka bites your rat skeleton. The quokka bites your rat skeleton.
The ball python bites your rat skeleton.
Your rat skeleton is destroyed!
The quokka twitches its whiskers.
Casting: Animate Skeleton (safe; 3% risk of failure)
Confirm with . or Enter, or press ? or * to list all spells.
Aiming: Pain (safe; 3% risk of failure)
Press: ? - help, Shift-Dir - straight line, f - quokka
Aim: a quokka (chance to affect: 85%)
The quokka writhes in agony!
You kill the quokka!
* * * LOW HITPOINT WARNING * * *
You have reached level 2!
The ball python bites you.
You die...

########
.......####
##'####...##
#...#
####.##
#...# ##.#
##'### #.##
.....## ##.#
#####
......#
#.####...#
..<...+
#....@...#
......#
#.#.##S..#
.....##
#.#.###.####
##+###
.###(......#
#. #..#.##.#
.# #(.#.##.#
.###
#..#.##.#
####.#
#..#.##.#
####
###....#
#..#.##.#


You could see a ball python.

Vanquished Creatures
  A ball python (D:1)
  A giant cockroach (D:1)
  A hobgoblin (D:1)
  A quokka (D:1)
  A bat (D:1)
  A kobold (D:1)
  A rat (D:1)
7 creatures vanquished.

Notes
Turn   | Place    | Note
-------+----------+-------------------------------------------
     0 | D:1      | Kakkamies the Djinni Necromancer began the quest for the
                  | Orb.
     0 | D:1      | Reached XP level 1. HP: 15/15 MP: 0/0
   473 | D:1      | Reached XP level 2. HP: 2/21 MP: 0/0
   476 | D:1      | Slain by a ball python

Illustrated notes

Levels and vault maps discovered:
D:1:      dpeg_arrival_another_circle, layout_loops_cross, serial_rivers,
          chequers_serial_rivers_large_b, chequers_serial_rivers_micro_c,
          chequers_serial_rivers_micro_d, chequers_serial_rivers_small_a,
          chequers_serial_rivers_large_a, chequers_serial_rivers_micro_d

Action                   || total
-------------------------++-------
 Cast: Pain              ||    14
       Animate Skeleton  ||     1
Armor: Robe              ||     1
Dodge: Dodged            ||     1

Table legend: (Time is in decaauts)
 A = Elapsed time spent in this place.
 B = Non-inter-level travel time spent in this place.
 C = Inter-level travel time spent in this place.
 D = Time resting spent in this place.
 E = Time spent auto-exploring this place.
 F = Levels seen in this place.
 G = Mean time per level.
                   A        B        C        D        E       F      G
               +--------+--------+--------+--------+--------+-----+--------+
         Total |    476 |    476 |      0 |      0 |    416 |   1 |  476.0 |
       Dungeon |    476 |    476 |      0 |      0 |    416 |   1 |  476.0 |
               +--------+--------+--------+--------+--------+-----+--------+

Top non-repeatable levels by time:
     D:1: 476 daAuts
